 Dungeon Crawl Stone Soup version 0.27-a0-1136-g0b992a5a9d (webtiles) character file.

Game seed: 5849033157087423673

2280 reriks the Firebug (level 9, -7/60 HPs)
             Began as an Octopode Fire Elementalist on May 4, 2021.
             Was a Priest of Nemelex Xobeh.
             Mangled by an orc warrior
             ... wielding a +0 mace
              (16 damage)
             ... on level 7 of the Dungeon.
             The game lasted 00:16:19 (14462 turns).

reriks the Firebug (Octopode Fire Elementalist)    Turns: 14462, Time: 00:16:19

Health: -7/60      AC:  1    Str:  7    XL:     9   Next: 39%
Magic:  6/16       EV: 14    Int: 21    God:    Nemelex Xobeh [***...]
Gold:   382        SH:  0    Dex: 12    Spells: 6/17 levels left

rFire    x x .     SeeInvis .   t - +2 short sword (freeze)
rCold    + + .     Faith    .   (no shield)
rNeg     . . .     Spirit   .   (helmet restricted)
rPois    .         Reflect  .   (no amulet)
rElec    .         Harm     .   p - ring of ice
rCorr    .         Rampage  .   y - ring of ice
Will     .....                  (no ring)
Stlth    +++.......             (no ring)
HPRegen  0.20/turn              (no ring)
MPRegen  0.15/turn              (no ring)
                                (no ring)
                                (no ring)

@: no status effects
A: almost no armour, amphibious, 8 rings, camouflage 1, gelatinous body 1,
(nimble swimmer 1), tentacles
a: Renounce Religion, Draw Escape, Draw Destruction, Draw Summoning, Triple Draw


You were on level 7 of the Dungeon.
You worshipped Nemelex Xobeh.
Nemelex Xobeh was most pleased with you.
You visited 1 branch of the dungeon, and saw 7 of its levels.

You collected 382 gold pieces.

Inventory:

Hand Weapons
 e - a +0 whip
 t - a +2 short sword of freezing (weapon)
 w - a +0 hunting sling
Missiles
 b - 261 stones
 d - 41 sling bullets
 j - 13 poisoned darts
 q - 3 throwing nets
 s - 6 atropa-tipped darts
Jewellery
 p - a ring of ice (left tentacle)
 y - a ring of ice (right tentacle)
 A - an amulet of the acrobat
Wands
 a - a wand of flame (19)
 o - a wand of paralysis (9)
Scrolls
 c - 4 scrolls of teleportation
 g - 3 scrolls of immolation
 i - a scroll of enchant weapon
 k - a scroll of fear
 m - a scroll of enchant armour {unknown}
 n - a scroll of noise {unknown}
 u - 2 scrolls of identify
 x - a scroll of magic mapping {unknown}
 z - a scroll of fog {unknown}
Potions
 f - a potion of resistance
 h - a potion of mutation
 l - 2 potions of heal wounds
 r - a potion of lignification {unknown}
 v - a potion of might {unknown}


   Skills:
 + Level 4.8 Fighting
 + Level 5.1 Dodging
 - Level 4.0 Stealth
 + Level 4.9 Spellcasting
 + Level 5.0 Conjurations
 + Level 5.7 Fire Magic
 + Level 4.8 Invocations


You had 6 spell levels left.
You knew the following spells:

 Your Spells              Type           Power      Damage    Failure   Level
a - Foxfire               Conj/Fire      100%       2x1d9     1%          1
b - Conjure Flame         Conj/Fire      27%        6-21      3%          3
c - Inner Flame           Hex/Fire       17%        N/A       10%         3
d - Sticky Flame          Conj/Fire      27%        2d5       12%         4

Your spell library contained the following spells:

 Spells                   Type           Power      Damage    Failure   Level
 Animate Skeleton         Necr           10%        N/A       11%         1
 Apportation              Tloc           10%        N/A       11%         1
 Corona                   Hex            5%         N/A       11%         1
 Summon Small Mammal      Summ           20%        N/A       11%         1
 Fireball                 Conj/Fire      13%        3d7       32%         5


Dungeon Overview and Level Annotations

Branches:
Dungeon (7/15)             Temple (0/1) D:5

Altars:
Ashenzari
Dithmenos
Kikubaaqudgha
Nemelex Xobeh
Sif Muna
Vehumet


Innate Abilities, Weirdness & Mutations

You cannot wear most types of armour.
You are amphibious.
You can wear up to eight rings at the same time.
Your skin changes colour to match your surroundings (Stealth+).
Your rubbery body absorbs attacks. (AC +1, EV +1)
((You are camouflaged near water. (Stealth+)))
You have tentacles for arms and can constrict up to eight enemies at once.


Message History

Press: ? - help, Q - select action, (/) - cycle Dir - look around, f - activate You conjure some foxfire!
The foxfire hits the orc warrior but does no damage.
The orc warrior is moderately wounded.
The foxfire hits the orc warrior but does no damage.
The orc warrior is moderately wounded.
The orc warrior closely misses you.
Casting: Foxfire (safe; 1% risk of failure)
Press: ? - help, Q - select action, (/) - cycle Dir - look around, f - activate You conjure some foxfire!
The foxfire hits the orc warrior but does no damage.
The orc warrior is moderately wounded.
The foxfire hits the orc warrior but does no damage.
The orc warrior is moderately wounded.
Casting: Foxfire (safe; 1% risk of failure)
Press: ? - help, Q - select action, (/) - cycle Dir - look around, f - activate You conjure some foxfire!
The foxfire hits the orc warrior.
The orc warrior is heavily wounded.
The foxfire hits the orc warrior but does no damage.
The orc warrior is heavily wounded.
Casting: Foxfire (safe; 1% risk of failure)
Press: ? - help, Q - select action, (/) - cycle Dir - look around, f - activate You conjure some foxfire!
The foxfire hits the orc warrior but does no damage.
The orc warrior is heavily wounded.
The foxfire hits the orc warrior but does no damage.
The orc warrior is heavily wounded.
The orc warrior closely misses you.
Okay, then.
You draw a card...
You have drawn Velocity.
The orc wizard seems to slow down.
The foxfire hits the orc warrior but does no damage.
The orc warrior is heavily wounded.
The foxfire hits the orc warrior but does no damage.
The orc warrior is heavily wounded.
The orc warrior closely misses you.
You draw a card...
You have drawn the Rangers.
The orc warrior hits you with a +0 mace!
You die...
Your body glows with a rainbow of weird colours and disappears.

#.........^.......######
#..........^..^........#######
#...............^.............
#......^.....^......##.######.
#.........^.^.......##.# #.
#..........^^.^.....##.# #)
######..............##.######.
##.....c....^..##......#.
#......@o.....#######.#.
#....).o................
###....cc..##.#######.##
###.....###.# #.# #########
###.......# #.# ........#
#.####### #.#
........######.####### #.#
...................... #o#
........############## #.#


You could see an orc warrior (ally target), an orc wizard (slow) and 3 friendly
yaktaurs.

Vanquished Creatures
  A water moccasin (D:7)
  An orc warrior (D:7)
  2 sky beasts (D:6)
  A tengu (D:3)
  An ogre (D:5)
  2 centaurs
  A phantom (D:5)
  A scorpion (D:6)
  A wyvern zombie (D:5)
  A wyvern skeleton (D:7)
  A water moccasin zombie (D:3)
  2 water moccasin skeletons (D:5)
  3 wights (D:6)
  3 vampire bats (D:6)
  A centaur zombie (D:5)
  2 jellies (D:6)
  A bullfrog skeleton (D:5)
  5 hounds
  An iguana (D:6)
  2 orc wizards
  5 adders
  3 gnolls
  An ufetubus (D:5)
  An adder skeleton (D:4)
  A worm (D:2)
  2 dart slugs (D:1)
  11 orcs
  6 bats
  2 bat skeletons (D:6)
  4 bat zombies (D:6)
  4 endoplasms
  6 giant cockroaches
  13 goblins
  9 hobgoblins
  7 jackals
  4 quokkas
  9 ball pythons
  9 frilled lizards
  7 kobolds
  3 rats
140 creatures vanquished.

Vanquished Creatures (collateral kills)
  A two-headed ogre (D:4)
  A jelly (D:4)
  An orc priest (D:3)
  An adder (D:4)
  A worm (D:3)
  An orc (D:3)
6 creatures vanquished.

Vanquished Creatures (others)
  764 foxfires
764 creatures vanquished.

Grand Total: 910 creatures vanquished

Notes
Turn   | Place    | Note
-------+----------+-------------------------------------------
     0 | D:1      | reriks the Octopode Fire Elementalist began the quest for
                  | the Orb.
     0 | D:1      | Reached XP level 1. HP: 11/11 MP: 3/3
   549 | D:1      | Reached XP level 2. HP: 17/17 MP: 0/5
  1532 | D:1      | Reached XP level 3. HP: 22/22 MP: 0/6
  1727 | D:1      | Found a faded altar of an unknown god.
  1776 | D:1      | Became a worshipper of Nemelex Xobeh the Trickster
  1776 | D:1      | Reached * piety under Nemelex Xobeh
  2101 | D:1      | Received a gift from Nemelex Xobeh
  2440 | D:1      | Reached skill level 1 in Fighting
  4035 | D:2      | Reached XP level 4. HP: 28/28 MP: 4/7
  5158 | D:2      | Received a gift from Nemelex Xobeh
  5519 | D:3      | Reached ** piety under Nemelex Xobeh
  5551 | D:3      | Noticed an ogre
  5561 | D:3      | Noticed a tengu
  5561 | D:3      | an ogre changed into a tengu
  5562 | D:3      | Killed a tengu
  5563 | D:3      | Reached XP level 5. HP: 34/34 MP: 6/8
  5766 | D:3      | Reached skill level 1 in Invocations
  5778 | D:3      | Reached XP level 6. HP: 14/39 MP: 3/10
  6458 | D:3      | Received a gift from Nemelex Xobeh
  6675 | D:3      | Found a shadowy altar of Dithmenos.
  7244 | D:4      | Reached *** piety under Nemelex Xobeh
  8419 | D:4      | Noticed a two-headed ogre
  8635 | D:4      | Identified the +0 hand axe "Xanoguo" {vorpal, Drain rElec
                  | rPois}
  8641 | D:4      | Reached XP level 7. HP: 45/45 MP: 11/11
  8669 | D:4      | Killed a two-headed ogre
  9122 | D:4      | Learned a level 3 spell: Conjure Flame
  9126 | D:4      | Learned a level 3 spell: Inner Flame
  9131 | D:4      | Learned a level 4 spell: Sticky Flame
  9135 | D:5      | Entered Level 5 of the Dungeon
  9147 | D:5      | Reached XP level 8. HP: 19/52 MP: 4/13
  9896 | D:5      | Found a staircase to the Ecumenical Temple.
 10071 | D:5      | Received a gift from Nemelex Xobeh
 10399 | D:5      | Reached skill level 5 in Fire Magic
 12485 | D:6      | Found an ancient bone altar of Kikubaaqudgha.
 12493 | D:6      | Reached XP level 9. HP: 57/59 MP: 10/15
 12703 | D:6      | Found a shimmering blue altar of Sif Muna.
 13083 | D:6      | Found a broken altar of Ashenzari.
 13251 | D:6      | Found a radiant altar of Vehumet.
 13463 | D:6      | Reached skill level 5 in Dodging
 14160 | D:7      | Reached skill level 5 in Conjurations
 14462 | D:7      | Mangled by an orc warrior

Illustrated notes

Levels and vault maps discovered:
D:1:      minmay_arrival_shattered_statue, layout_loops_ring,
          basic_ecumenical_altar
D:2:      layout_basic, minivault_26
D:3:      layout_loops_corners, lemuel_tele_altar
D:4:      minmay_chambers_of_fours, layout_basic
D:5:      minmay_skewed_foursquare, layout_loops_cross,
          minmay_temple_entry_statues_fountains
D:6:      layout_rooms, grunt_temple_overflow_open, lemuel_blue_sif_altar,
          kennysheep_vampire_church
D:7:      layout_basic, serial_shops, shop, minmay_holes,
          hangedman_decor_riveting, amcnicky_mini_pool_small

Skill      XL: |  1  2  3  4  5  6  7  8  9 |
---------------+----------------------------+-----
Stealth        | 3 4 |  4.0
Fighting       | 1 2 3 4 |  4.8
Conjurations   | 2 3 4 5 |  5.0
Invocations    | 1 2 3 4 |  4.8
Dodging        | 3 4 5 |  5.1
Spellcasting   | 3 4 |  4.9
Fire Magic     | 4 5 |  5.7

Action                   |  1- 3 |  4- 6 |  7- 9 || total
-------------------------+-------+-------+-------++-------
Melee: Whip              |     6 |     4 |    14 ||    24
       Constrict         |     2 |       |     2 ||     4
       Tentacles         |     1 |     1 |     8 ||    10
       Short sword       |       |       |     2 ||     2
 Cast: Foxfire           |   108 |   140 |   239 ||   487
Invok: Draw Destruction  |       |    10 |     6 ||    16
       Draw Summoning    |       |     2 |     4 ||     6
       Draw Escape       |       |       |     1 ||     1
Evoke: Wand              |       |     1 |       ||     1
  Use: Scroll            |       |     7 |       ||     7
Armor: Skin              |     5 |       |     7 ||    12
Dodge: Dodged            |    22 |    17 |    41 ||    80

Table legend: (Time is in decaauts)
 A = Elapsed time spent in this place.
 B = Non-inter-level travel time spent in this place.
 C = Inter-level travel time spent in this place.
 D = Time resting spent in this place.
 E = Time spent auto-exploring this place.
 F = Levels seen in this place.
 G = Mean time per level.
                   A        B        C        D        E       F      G
               +--------+--------+--------+--------+--------+-----+--------+
         Total |  14465 |  14069 |    396 |   8840 |   3766 |   7 | 2066.4 |
       Dungeon |  14465 |  14069 |    396 |   8840 |   3766 |   7 | 2066.4 |
               +--------+--------+--------+--------+--------+-----+--------+

Top non-repeatable levels by time:
     D:1: 3237 daAuts
     D:6: 2730 daAuts
     D:2: 2256 daAuts
     D:3: 1921 daAuts
     D:5: 1897 daAuts
     D:4: 1763 daAuts
     D:7: 656 daAuts
